Map: Terrazas hostiles

Players

MrFercho

  • Race: Zerg Zerg
  • League: Silver
  • Spawn Location: 7:00

tigro

  • Race: Terran Terran
  • League: Bronze
  • Spawn Location: 6:00

TATORREA - Winner!

  • Race: Protoss Protoss
  • League: Gold
  • Spawn Location: 6:00

VOD

Have the link to the VOD?

Description

Time

  • Played on: July 4, 2020, 9:06 p.m.
  • Length: 17:39
Show
View Real Time Build Order
Export as new Build Order

MrFercho Zerg 

Build Orders: Pool First 

Get SALT Encoding   

  12  0:01  Drone  
  13  0:12  Drone  
  14  0:18  Overlord  
  14  0:24  Extractor  
  14  0:26  Drone  
  14  0:37  Drone  
  14  0:38  Drone  
  16  0:51  Spawning Pool  
  15  1:04  Drone x2  
  17  1:11  Drone  
  18  1:24  Drone  
  19  1:46  Zergling x4  
  19  1:47  Hatchery, Metabolic Boost  
  20  1:54  Queen  
  22  2:03  Overlord  
  21  2:34  Evolution Chamber  
  20  2:38  Zergling x6  
  22  3:02  Zerg Melee Weapons Level 1  
  22  3:08  Baneling Nest  
  22  3:10  Drone x7  
  28  3:13  Extractor  
  28  3:16  Queen  
  29  3:22  Overlord  
  29  3:31  Zergling x2  
  27  3:48  Lair  
  27  4:05  Drone  
  27  4:06  Drone x7  
  35  4:17  Zergling x2  
  36  4:37  Zergling x12  
  41  4:49  Spine Crawler  
  40  5:14  Nydus Network  
  40  5:15  Zergling x10  
  40  5:16  Overlord x2  
  40  5:17  Overlord  
  44  5:24  Centrifical Hooks  
  44  5:26  Zerg Melee Weapons Level 2  
  44  5:41  Extractor  
  44  5:42  Extractor  
  42  5:43  Drone x4  
  46  6:15  Nydus Canal  
  46  6:19  Zergling x2  
  46  6:20  Zergling x16  
  55  6:25  Hydralisk Den  
  49  6:48  Baneling x9  
  49  6:49  Baneling x9  
  43  7:15  Zergling x26  
  47  7:32  Hydralisk x4  
  47  7:33  Hydralisk  
  54  7:57  Zergling x2  
  54  7:58  Zergling x18  
  54  8:13  Zergling x6  
  55  8:24  Drone x5  
  55  8:25  Drone x2  
  52  8:48  Zergling x8  
  52  9:01  Zerg Ground Armor Level 1  
  48  9:05  Muscular Augments  
  48  9:12  Drone x2  
  48  9:13  Drone x5  
  55  9:22  Zergling x10  
  60  9:24  Overlord x2  
  60  9:42  Zergling x6  
  63  9:49  Hatchery  
  62  9:57  Baneling x13  
  62  9:58  Baneling x12  
  62  10:02  Zergling x10  
  67  10:12  Zergling x8  
  71  10:17  Grooved Spines  
  46  11:00  Hydralisk x6  
  46  11:01  Hydralisk x6  
  70  11:14  Overlord x2  
  70  11:18  Zergling x4  
  72  11:23  Zerg Missile Weapons Level 1  
  72  11:29  Infestation Pit  
  72  11:32  Spire  
  70  11:35  Hydralisk  
  72  11:43  Baneling x3  
  72  11:45  Zergling x10  
  77  12:05  Hydralisk x3  
  77  12:06  Hydralisk x2  
  87  12:13  Overseer  
  87  12:19  Pneumatized Carapace  
  87  12:21  Drone  
  87  12:22  Drone x5  
  93  12:26  Extractor x2  
  91  12:39  Hydralisk  
  91  12:40  Hydralisk x2  
  91  12:41  Overlord  
  91  12:44  Overlord  
  97  12:53  Zergling x2  
  97  12:54  Overlord x2  
  98  13:13  Nydus Canal  
  92  13:34  Hydralisk x12  
  116  13:44  Mutalisk  
  119  13:48  Drone x5  
  119  13:49  Drone  
  114  14:11  Nydus Canal  
  114  14:37  Hydralisk x5  
  114  14:38  Hydralisk x3  
  102  15:17  Nydus Canal  
  79  15:38  Hydralisk x6  
  76  15:51  Burrow  
Show
View Real Time Build Order
Export as new Build Order

tigro Terran 

Build Orders:  

Get SALT Encoding   

  12  0:05  SCV  
  13  0:18  SCV  
  14  0:24  Supply Depot  
  14  0:31  SCV  
  15  0:43  Refinery  
  15  0:46  SCV  
  15  0:47  Supply Depot  
  16  1:03  Barracks  
  16  1:10  SCV  
  17  1:24  SCV  
  18  1:30  Refinery  
  18  1:36  SCV  
  19  1:48  SCV  
  19  1:51  Barracks  
  20  1:58  Marine  
  21  2:16  Marine  
  20  2:34  Marine  
  16  2:47  Command Center  
  12  2:51  Marine  
  12  3:09  Marine, SCV  
  14  3:22  SCV  
  15  3:34  SCV  
  16  3:36  Barracks Reactor  
  16  3:46  SCV  
  17  3:58  SCV  
  18  4:03  Barracks Tech Lab  
  18  4:09  SCV  
  19  4:10  SCV  
  20  4:22  SCV  
  18  4:54  Marine  
  18  4:55  Marine x2  
  13  5:12  Marine x3  
Show
View Real Time Build Order
Export as new Build Order

TATORREA Protoss - Winner!

Build Orders:  

Get SALT Encoding   

  12  0:16  Probe  
  13  0:27  Pylon  
  13  0:28  Probe  
  14  0:40  Probe  
  15  0:48  Gateway  
  15  0:52  Probe  
  16  1:08  Probe  
  17  1:12  Assimilator  
  17  1:18  Pylon  
  17  1:27  Probe  
  18  1:39  Probe  
  19  1:42  Cybernetics Core  
  19  1:43  Gateway  
  19  1:50  Assimilator  
  19  1:51  Probe  
  20  1:55  Zealot  
  22  2:03  Probe  
  23  2:15  Probe  
  24  2:25  Nexus  
  24  2:29  Pylon  
  24  2:30  Probe  
  24  2:33  Warp Gate  
  25  2:47  Probe  
  25  2:50  Pylon  
  26  2:58  Stalker  
  28  3:00  Sentry  
  28  3:01  Probe  
  31  3:13  Robotics Facility  
  31  3:16  Probe  
  32  3:26  Stalker  
  34  3:32  Probe  
  35  3:44  Gateway  
  35  3:46  Gateway  
  35  3:47  Probe  
  36  3:50  Probe  
  37  4:02  Observer  
  38  4:10  Probe  
  38  4:13  Probe  
  40  4:23  Immortal  
  44  4:25  Pylon  
  44  4:27  Probe  
  44  4:28  Probe  
  44  4:29  Pylon  
  46  4:37  Stalker  
  48  4:39  Sentry  
  50  4:53  Probe  
  50  4:54  Probe  
  52  5:10  Nexus  
  52  5:12  Pylon  
  52  5:14  Pylon  
  52  5:16  Probe  
  52  5:17  Probe  
  52  5:20  Assimilator  
  54  5:24  Stalker  
  54  5:25  Assimilator  
  54  5:28  Probe  
  57  5:29  Probe  
  58  5:41  Forge  
  58  5:42  Probe x2  
  60  5:48  Stalker x2  
  64  5:51  Zealot  
  64  5:54  Protoss Ground Weapons Level 1  
  66  5:59  Probe x2  
  66  6:00  Twilight Council  
  68  6:11  Probe x2  
  70  6:12  Stalker  
  72  6:19  Stalker  
  72  6:20  Stalker  
  76  6:25  Stalker  
  76  6:27  Probe  
  76  6:30  Probe  
  76  6:31  Probe  
  79  6:52  Probe  
  79  6:53  Probe x2  
  80  7:05  Probe  
  81  7:10  Probe x2  
  81  7:12  Blink  
  83  7:16  Assimilator  
  83  7:17  Assimilator, Probe  
  84  7:23  Probe x2  
  84  7:26  Stalker x3  
  84  7:27  Nexus  
  84  7:29  Probe  
  89  7:30  Pylon  
  89  7:35  Probe x2  
  91  7:41  Probe  
  92  7:47  Probe x2  
  92  7:49  Protoss Ground Weapons Level 2  
  90  7:53  Probe  
  79  7:59  Probe x2  
  79  8:06  Zealot x4  
  87  8:16  Observer  
  84  8:28  Probe x3  
  84  8:29  Gateway  
  84  8:33  Gateway  
  87  8:35  Gateway, Stalker  
  87  8:36  Stalker  
  87  8:37  Immortal  
  87  8:38  Gateway, Stalker  
  87  8:40  Probe x3  
  87  8:41  Stalker, Pylon  
  102  8:46  Pylon  
  92  8:58  Probe x4  
  92  9:02  Stalker x2  
  94  9:03  Stalker  
  98  9:20  Charge  
  98  9:22  Probe x3  
  101  9:26  Stalker x3  
  101  9:27  Stalker x2  
  111  9:36  Nexus  
  111  9:39  Pylon  
  111  9:40  Stalker x3  
  117  9:46  Zealot  
  117  9:50  Probe x3  
  117  9:51  Probe  
  123  9:55  Immortal  
  127  10:01  Assimilator  
  127  10:02  Probe x2  
  127  10:03  Sentry  
  127  10:04  Sentry x3, Assimilator  
  127  10:05  Sentry  
  127  10:06  Sentry  
  141  10:07  Sentry  
  141  10:08  Sentry  
  141  10:13  Probe x2  
  147  10:14  Probe  
  136  10:38  Stalker x2  
  138  10:50  Pylon  
  138  10:52  Immortal  
  138  10:53  Pylon  
  142  10:58  Stalker x2, Pylon  
  142  10:59  Stalker x2  
  150  11:05  Pylon  
  150  11:07  Pylon  
  150  11:08  Pylon  
  150  11:12  Pylon  
  150  11:14  Zealot x2  
  150  11:17  Pylon  
  154  11:28  Gateway, Immortal  
  154  11:31  Gateway  
  158  11:34  Gateway  
  158  11:35  Protoss Ground Weapons Level 3, Gateway  
  158  11:38  Gateway  
  158  11:41  Gateway  
  158  11:44  Gateway  
  158  11:46  Stalker x2, Templar Archives  
  162  11:47  Stalker x2  
  162  11:48  Stalker x3, Forge  
  162  11:49  Stalker, Forge  
  174  11:56  Robotics Bay  
  174  12:01  Immortal  
  174  12:03  Assimilator  
  178  12:08  Assimilator  
  178  12:28  Protoss Ground Armor Level 1  
  178  12:29  Protoss Shields Level 1  
  178  12:32  Nexus  
  178  12:33  High Templar x4  
  178  12:34  High Templar x5  
  178  12:35  High Templar  
  178  12:36  Pylon, High Templar  
  200  12:38  Pylon  
  200  12:48  Extended Thermal Lance  
  200  12:50  Psionic Storm  
  200  12:53  Archon x5  
  188  13:37  Stalker x4  
  188  13:38  Stalker x2  
  200  13:46  Colossus  
  186  14:04  Probe x5  
  187  14:16  Probe x5  
  192  14:19  High Templar x3  
  192  14:20  High Templar  
  177  14:46  Colossus  
  177  14:58  Zealot  
  177  14:59  Zealot x4  
  187  15:00  Zealot x5  
  187  15:01  Zealot  
  191  15:44  Zealot x2  
  191  15:45  Zealot x2  
  199  16:03  Gateway  
  182  16:38  Pylon  
  181  16:40  Probe x5  
  179  16:52  Zealot x4  
  179  16:53  Zealot x2  
  191  17:24  Stalker x2  
  191  17:25  Stalker x2  
Tags
 
Add a new tag
Caveats
  • Supply blocks, unpowered buildings, or Contaminate may cause inaccurate times.
  • Supply counts are checked every 10 seconds.